[ AOE2 MATCH · #483003286 ]
1v1 RMBulgarians vs Vikings
Player's team · LOSS
Rival team · WIN
[ REPLAY ANALYSIS · EXTRACTED FROM THE RECORDED GAME ]
Feudal
9:58
Castle
16:17
Imperial
37:16
| APM avg | 33.4 |
| APM peak | 101 |
| eAPM avg | 18.8 |
| Villagers / military | 139 / 65 |
Focus
⚔️ 26.9% · 🌾 73.1%
Scout Cavalry ×20 · Petard ×13 · Knight ×11 · Battering Ram ×6 · Konnik ×5 · Scorpion ×3
Feudal
12:39
Castle
17:05
Imperial
35:22
| APM avg | 26.4 |
| APM peak | 61 |
| eAPM avg | 18.4 |
| Villagers / military | 122 / 161 |
Focus
⚔️ 37.3% · 🌾 62.7%
Berserk ×108 · Spearman ×34 · Militia ×7 · Trebuchet (Packed) ×6 · Battering Ram ×3 · Skirmisher ×1
Match map
Initial resources + every placement click. Lines = walls · curves = elevation contours. ◆ gold · ⬟ stone · ● berries · ✦ relic · ◌ wall gap
Your base· Open — 4t gap
Maurizio il Brocco's base· Open — unwalled flank
Smoothed initial terrain · ◌ = detected wall gap · hover for details
Inputs per minute
— CarbOS - - Maurizio il Brocco
Build order — CarbOS
First 150 of 340 actions detected
| 0:01 | Create | Villager (Male) |
| 0:01 | Create | Villager (Male) |
| 0:01 | Create | Villager (Male) |
| 0:03 | Build | House |
| 0:05 | Build | House |
| 0:09 | Research | Loom |
| 0:10 | Create | Villager (Male) |
| 0:10 | Create | Villager (Male) |
| 0:11 | Create | Villager (Male) |
| 0:23 | Create | Villager (Male) |
| 1:54 | Create | Villager (Male) |
| 2:48 | Create | Villager (Male) |
| 2:48 | Create | Villager (Male) |
| 2:48 | Create | Villager (Male) |
| 2:49 | Create | Villager (Male) |
| 3:40 | Create | Villager (Male) |
| 3:40 | Create | Villager (Male) |
| 4:16 | Create | Villager (Male) |
| 4:18 | Build | House |
| 4:23 | Create | Villager (Male) |
| 4:34 | Build | House |
| 5:13 | Build | Lumber Camp |
| 5:20 | Create | Villager (Male) |
| 5:20 | Create | Villager (Male) |
| 5:56 | Create | Villager (Male) |
| 6:17 | Create | Villager (Male) |
| 6:35 | Create | Villager (Male) |
| 7:06 | Build | Mill |
| 7:23 | Create | Villager (Male) |
| 7:48 | Research | Feudal Age |
| 9:50 | Create | Villager (Male) |
| 9:51 | Create | Villager (Male) |
| 9:58 | Age | Feudal Age |
| 10:06 | Research | Double-Bit Axe |
| 10:14 | Build | Mining Camp |
| 10:55 | Create | Villager (Male) |
| 11:01 | Build | House |
| 11:11 | Create | Villager (Male) |
| 11:11 | Create | Villager (Male) |
| 11:21 | Research | Horse Collar |
| 11:43 | Create | Villager (Male) |
| 11:54 | Build | Market |
| 12:13 | Create | Villager (Male) |
| 12:36 | Build | Blacksmith |
| 13:01 | Create | Villager (Male) |
| 13:37 | Research | Castle Age |
| 13:42 | Build | Mining Camp |
| 13:57 | Build | House |
| 14:06 | Build | House |
| 14:31 | Build | House |
| 14:39 | Build | House |
| 14:41 | Build | House |
| 16:00 | Build | House |
| 16:07 | Build | House |
| 16:17 | Build | Farm |
| 16:17 | Age | Castle Age |
| 16:18 | Build | Farm |
| 16:21 | Create | Villager (Male) |
| 16:22 | Create | Villager (Male) |
| 16:24 | Build | Farm |
| 16:38 | Build | Castle |
| 16:42 | Create | Villager (Male) |
| 16:48 | Build | Farm |
| 16:51 | Build | Farm |
| 16:53 | Build | Farm |
| 16:55 | Build | Farm |
| 16:59 | Build | Farm |
| 17:00 | Create | Villager (Male) |
| 17:13 | Build | House |
| 17:19 | Build | House |
| 17:24 | Build | House |
| 17:26 | Build | Palisade Wall |
| 17:47 | Create | Villager (Male) |
| 18:11 | Research | Stone Mining |
| 18:14 | Create | Konnik |
| 18:15 | Create | Konnik |
| 18:39 | Build | Farm |
| 19:07 | Create | Konnik |
| 19:19 | Create | Villager (Male) |
| 19:56 | Create | Villager (Male) |
| 19:57 | Create | Villager (Male) |
| 20:15 | Build | Town Center |
| 20:37 | Build | Town Center |
| 20:40 | Create | Villager (Male) |
| 20:40 | Create | Villager (Male) |
| 20:54 | Create | Villager (Male) |
| 20:59 | Build | Farm |
| 21:08 | Create | Villager (Male) |
| 21:15 | Build | House |
| 21:34 | Create | Villager (Male) |
| 21:35 | Create | Villager (Male) |
| 22:03 | Build | Farm |
| 22:04 | Create | Villager (Male) |
| 22:04 | Create | Villager (Male) |
| 22:09 | Create | Villager (Male) |
| 22:12 | Build | Farm |
| 22:27 | Create | Villager (Male) |
| 22:32 | Build | Farm |
| 22:35 | Build | Farm |
| 22:39 | Create | Villager (Male) |
| 22:48 | Build | Farm |
| 22:56 | Create | Villager (Male) |
| 23:06 | Create | Villager (Male) |
| 23:08 | Build | Farm |
| 23:11 | Build | Farm |
| 23:23 | Build | Farm |
| 23:27 | Create | Villager (Male) |
| 23:30 | Create | Villager (Male) |
| 23:38 | Build | Farm |
| 23:42 | Create | Villager (Male) |
| 23:44 | Create | Villager (Male) |
| 23:49 | Build | Farm |
| 23:58 | Build | Farm |
| 24:19 | Build | Castle |
| 24:22 | Create | Villager (Male) |
| 24:32 | Create | Villager (Male) |
| 24:35 | Create | Villager (Male) |
| 24:36 | Create | Villager (Male) |
| 24:39 | Build | Farm |
| 24:41 | Create | Villager (Male) |
| 24:51 | Build | Farm |
| 24:56 | Build | Farm |
| 25:06 | Research | Fletching |
| 25:16 | Build | Farm |
| 25:17 | Build | Mill |
| 25:27 | Research | Bodkin Arrow |
| 25:28 | Create | Villager (Male) |
| 25:28 | Create | Villager (Male) |
| 25:30 | Create | Villager (Male) |
| 25:36 | Build | Castle |
| 25:46 | Build | University |
| 25:56 | Create | Villager (Male) |
| 25:58 | Research | Town Watch |
| 26:01 | Build | Farm |
| 26:06 | Build | Farm |
| 26:14 | Build | Farm |
| 26:40 | Research | Murder Holes |
| 26:44 | Build | Farm |
| 26:47 | Build | Farm |
| 26:50 | Build | Farm |
| 26:52 | Create | Villager (Male) |
| 26:53 | Create | Villager (Male) |
| 26:57 | Create | Villager (Male) |
| 27:00 | Build | Farm |
| 27:09 | Build | Farm |
| 27:12 | Build | Farm |
| 27:14 | Create | Villager (Male) |
| 27:15 | Create | Villager (Male) |
| 27:21 | Build | Mill |
| 27:29 | Create | Villager (Male) |
Build order — Maurizio il Brocco
First 150 of 358 actions detected
| 0:00 | Create | Villager (Male) |
| 0:04 | Build | House |
| 0:07 | Build | House |
| 0:12 | Research | Loom |
| 0:13 | Create | Villager (Male) |
| 0:34 | Create | Villager (Male) |
| 0:34 | Create | Villager (Male) |
| 0:34 | Create | Villager (Male) |
| 0:35 | Create | Villager (Male) |
| 1:49 | Create | Villager (Male) |
| 2:29 | Build | Lumber Camp |
| 2:30 | Create | Villager (Male) |
| 3:04 | Create | Villager (Male) |
| 3:35 | Create | Villager (Male) |
| 3:35 | Create | Villager (Male) |
| 3:35 | Create | Villager (Male) |
| 3:53 | Create | Villager (Male) |
| 4:23 | Build | House |
| 4:27 | Build | House |
| 4:53 | Create | Villager (Male) |
| 5:29 | Create | Villager (Male) |
| 5:30 | Create | Villager (Male) |
| 5:30 | Create | Villager (Male) |
| 5:49 | Create | Villager (Male) |
| 6:00 | Build | Barracks |
| 6:54 | Create | Villager (Male) |
| 6:56 | Build | House |
| 7:03 | Create | Villager (Male) |
| 7:33 | Build | House |
| 7:44 | Build | Mill |
| 7:47 | Create | Villager (Male) |
| 7:47 | Create | Villager (Male) |
| 8:07 | Create | Villager (Male) |
| 8:08 | Create | Villager (Male) |
| 8:53 | Create | Villager (Male) |
| 8:55 | Create | Villager (Male) |
| 9:00 | Build | House |
| 9:09 | Create | Villager (Male) |
| 9:20 | Build | Palisade Gate |
| 9:23 | Build | House |
| 9:26 | Create | Villager (Male) |
| 9:52 | Build | Mining Camp |
| 10:22 | Research | Feudal Age |
| 10:32 | Build | Farm |
| 11:13 | Build | Farm |
| 11:43 | Build | Farm |
| 12:11 | Build | Farm |
| 12:17 | Create | Villager (Male) |
| 12:17 | Create | Villager (Male) |
| 12:39 | Age | Feudal Age |
| 12:49 | Build | Market |
| 13:36 | Build | Blacksmith |
| 14:00 | Create | Spearman |
| 14:25 | Research | Castle Age |
| 14:34 | Build | Farm |
| 14:44 | Create | Spearman |
| 14:51 | Create | Villager (Male) |
| 15:21 | Create | Villager (Male) |
| 15:23 | Create | Villager (Male) |
| 15:34 | Build | Archery Range |
| 15:35 | Create | Villager (Male) |
| 15:46 | Create | Villager (Male) |
| 15:57 | Build | Mining Camp |
| 16:06 | Create | Villager (Male) |
| 16:09 | Research | Double-Bit Axe |
| 16:12 | Research | Horse Collar |
| 16:44 | Build | House |
| 16:56 | Create | Villager (Male) |
| 17:05 | Age | Castle Age |
| 17:08 | Create | Skirmisher |
| 17:19 | Build | Farm |
| 17:34 | Create | Archer |
| 17:39 | Create | Villager (Male) |
| 17:43 | Create | Villager (Male) |
| 17:54 | Build | Town Center |
| 18:07 | Create | Spearman |
| 18:20 | Build | Farm |
| 18:23 | Build | Farm |
| 18:25 | Build | Farm |
| 18:27 | Create | Villager (Male) |
| 18:34 | Research | Squires |
| 18:36 | Create | Villager (Male) |
| 18:46 | Create | Villager (Male) |
| 19:09 | Create | Spearman |
| 19:09 | Create | Spearman |
| 19:17 | Create | Villager (Male) |
| 19:28 | Create | Villager (Male) |
| 19:44 | Create | Villager (Male) |
| 20:04 | Build | Farm |
| 20:21 | Build | Castle |
| 20:29 | Create | Spearman |
| 20:29 | Create | Spearman |
| 20:30 | Create | Spearman |
| 20:38 | Create | Villager (Male) |
| 20:41 | Build | Farm |
| 20:44 | Build | Farm |
| 20:48 | Build | Farm |
| 21:09 | Create | Militia |
| 21:10 | Create | Militia |
| 21:23 | Create | Villager (Male) |
| 21:29 | Create | Spearman |
| 21:29 | Create | Spearman |
| 21:43 | Build | Farm |
| 21:49 | Build | Farm |
| 21:56 | Build | House |
| 22:19 | Create | Berserk ×3 |
| 22:31 | Build | Town Center |
| 22:47 | Create | Villager (Male) |
| 22:47 | Create | Villager (Male) |
| 22:54 | Create | Villager (Male) |
| 23:12 | Build | Farm |
| 23:26 | Create | Villager (Male) |
| 23:27 | Create | Villager (Male) |
| 23:28 | Create | Villager (Male) |
| 23:31 | Build | Farm |
| 23:38 | Build | University |
| 23:40 | Create | Villager (Male) |
| 23:43 | Create | Berserk |
| 23:47 | Create | Villager (Male) |
| 23:56 | Build | Farm |
| 24:01 | Create | Villager (Male) |
| 24:07 | Build | Farm |
| 24:28 | Create | Spearman |
| 24:28 | Create | Spearman |
| 24:29 | Create | Spearman |
| 24:29 | Create | Spearman |
| 24:34 | Build | Farm |
| 24:36 | Create | Villager (Male) |
| 24:36 | Create | Villager (Male) |
| 24:49 | Create | Berserk |
| 24:49 | Create | Berserk |
| 25:12 | Create | Villager (Male) |
| 25:13 | Create | Villager (Male) |
| 25:16 | Create | Villager (Male) |
| 25:17 | Create | Villager (Male) |
| 25:28 | Build | Farm |
| 25:31 | Build | Farm |
| 25:34 | Create | Villager (Male) |
| 25:37 | Build | Farm |
| 25:38 | Create | Villager (Male) |
| 25:56 | Create | Villager (Male) |
| 25:58 | Create | Villager (Male) |
| 26:02 | Build | Farm |
| 26:02 | Build | Farm |
| 26:02 | Build | Farm |
| 26:03 | Build | Farm |
| 26:03 | Build | Farm |
| 26:03 | Build | Farm |
| 26:04 | Build | Farm |
| 26:08 | Build | Farm |
Match timeline
| 6:00 | Maurizio il Brocco · first_building Barracks |
| 9:58 | CarbOS · age_up feudal |
| 12:39 | Maurizio il Brocco · age_up feudal |
| 15:34 | Maurizio il Brocco · first_building Archery Range |
| 16:17 | CarbOS · age_up castle |
| 16:20 | CarbOS · first_market_buy 100 food |
| 16:38 | CarbOS · first_building Castle |
| 17:05 | Maurizio il Brocco · age_up castle |
| 17:26 | CarbOS · wall_segment Palisade Wall x1 |
| 20:21 | Maurizio il Brocco · first_building Castle |
| 20:29 | CarbOS · first_market_sell 100 stone |
| 27:25 | Maurizio il Brocco · first_building Siege Workshop |
| 28:00 | CarbOS · first_building Siege Workshop |
| 35:22 | Maurizio il Brocco · age_up imperial |
| 35:38 | Maurizio il Brocco · first_market_buy 100 stone |
| 35:43 | Maurizio il Brocco · first_market_sell 100 wood |
| 37:09 | CarbOS · first_building Barracks |
| 37:11 | Maurizio il Brocco · wall_segment Palisade Wall x1 |
| 37:13 | Maurizio il Brocco · wall_segment Palisade Wall x1 |
| 37:16 | CarbOS · age_up imperial |
| 37:51 | CarbOS · first_building Stable |
| 39:12 | CarbOS · first_building Krepost |
| 47:55 | CarbOS · resign |
[ AI ANALYSIS · 1 CREDIT ]
What really happened in this match?
Wolo.gg analyzes every decision: build order, eco, micro, common mistakes by bracket. Personalized analysis on WhatsApp or Discord in 30 seconds.
Civ guide
Bulgarians
Map guide
MegaRandom
Perfil
Jugador #21046921